 Dungeon Crawl Stone Soup version 0.29-a0-483-g69413ace17 (webtiles) character file.

Game seed: 5365488127917178030

6325 loir the Thaumaturge (level 11, -3/84 HPs)
             Began as a Djinni Fire Elementalist on May 25, 2022.
             Was a Follower of Makhleb.
             Slain by a chaos spawn (7 damage)
             ... on level 9 of the Dungeon.
             The game lasted 00:56:24 (11198 turns).

loir the Thaumaturge (Djinni Fire Elementalist)    Turns: 11198, Time: 00:56:25

Health: -3/84      AC:  9    Str:  7    XL:     11   Next: 16%
Gold:   470        EV: 17    Int: 32    God:    Makhleb [*.....] SH:  4 Dex: 15

rFire   + + .      SeeInvis .   J - staff of cold
rCold   . . .      Faith    .   P - +1 buckler
rNeg    . . .      Spirit   .   s - +2 robe
rPois   ∞          Reflect  .   l - +2 hat
rElec   .          Harm     .   E - +1 cloak
rCorr   .          Rampage  .   M - +0 pair of gloves
Will    +....                   (boots unavailable)
Stlth   ++........              v - amulet of the acrobat
HPRegen 0.24/turn               w - +6 ring of intelligence
MPRegen 0.00/turn               j - +6 ring of intelligence

@: agile, flying
A: sickness immunity, fire resistance 2, cold vulnerability 1, float, innate
caster, HP casting, extra vitality 1
a: Renounce Religion


You were on level 9 of the Dungeon.
You worshipped Makhleb.
Makhleb was aware of your devotion.
You visited 2 branches of the dungeon, and saw 10 of its levels.
You also visited: Ossuary and Bailey.

You collected 546 gold pieces.
You spent 76 gold pieces at shops.

Inventory:

Hand Weapons
 r - a +2 broad axe of electrocution
 t - a +4 flail of freezing
 F - a +4 scimitar
 G - a +1 flail of protection
 H - a +3 dagger of freezing
 K - a +7 morningstar of holy wrath
 S - a +4 quarterstaff of chaos
 X - a +5 falchion
 Y - a +6 hand axe
 Z - a +1 short sword of flaming
Missiles
 d - 152 stones
 B - a throwing net
 C - 15 poisoned darts
Armour
 f - a scarf of invisibility
 l - a +2 hat (worn)
 s - a +2 robe (worn)
 E - a +1 cloak (worn)
 M - a +0 pair of gloves (worn)
 N - a +2 ring mail of poison resistance
 P - a +1 buckler (worn)
 T - a +1 cloak
Magical Staves
 J - a staff of cold (weapon)
Jewellery
 e - the ring "Yzikhupt" {rElec rPois Int+3}
   (You found it on level 8 of the Dungeon)

   [ring of poison resistance]

   Int:       It affects your intelligence (+3).
   rElec:     It insulates you from electricity.
   rPois:     It protects you from poison.
 i - a ring of fire
 j - a +6 ring of intelligence (right hand)
 u - a ring of protection from fire
 v - an amulet of the acrobat (around neck)
 w - a +6 ring of intelligence (left hand)
 W - a ring of willpower
Wands
 g - a wand of acid (23)
 A - a wand of iceblast (11)
 I - a wand of flame (20)
Scrolls
 n - 2 scrolls of immolation
 x - 6 scrolls of teleportation
 y - 2 scrolls of poison
 R - a scroll of fear
 U - a scroll of fog
 V - a scroll of magic mapping
Potions
 a - a potion of magic {unknown}
 b - 4 potions of brilliance
 c - 2 potions of heal wounds
 h - 9 potions of curing
 k - a potion of berserk rage
 m - 3 potions of mutation {unknown}
 o - 2 potions of cancellation {unknown}
 p - 3 potions of might
 q - 2 potions of resistance
 z - a potion of degeneration {unknown}
 L - a potion of lignification {unknown}


   Skills:
 * Level 9.5 Fighting
 + Level 3.0 Armour
 - Level 2.1 Dodging
 - Level 1.5 Stealth
 * Level 10.2 Spellcasting


You had 3 spell levels left.
You knew the following spells:

 Your Spells              Type           Power      Damage    Failure   Level
a - Foxfire               Conj/Fire      100%       2x1d9     1%          1
b - Scorch                Fire           100%       2d10      1%          2
c - Conjure Flame         Conj/Fire      69%        6-21      1%          3
d - Inner Flame           Hex/Fire       69%        N/A       1%          3
e - Flame Wave            Conj/Fire      69%        2d13      1%          4
f - Necrotize             Necr           100%       1d9       1%          1
g - Poisonous Vapours     Pois/Air       100%       N/A       1%          2
h - Portal Projectile     Hex/Tloc       100%       N/A       1%          3
i - Spider Form           Tmut/Pois      69%        N/A       1%          3
j - Summon Forest         Summ/Tloc      34%        N/A       1%          5
Your spell library was empty.

Dungeon Overview and Level Annotations

Branches:
Dungeon (9/15)             Temple (1/1) D:6         Ossuary (visited)
 Bailey (visited)
   Lair: D:8-11         Orc: D:9-12

Altars:
Dithmenos
Fedhas
Gozag
Hepliaklqana
Makhleb
Nemelex Xobeh
Okawaru
Sif Muna
Trog
Uskayaw
Xom
Zin
The Shining One

Shops:
D:5 *


Innate Abilities, Weirdness & Mutations

You are immune to sickness and miasma.
You are immune to poison.
Your flesh is very heat resistant. (rF++)
You are vulnerable to cold. (rC-)
You float through the air rather than walking.
You learn spells naturally, not from books.
Your magical power is your life essence.
You have superior vitality. (+4 MHP)


Message History

The chaos spawn attacks as you move away!
The chaos spawn barely misses you. You block the chaos spawn's attack.
Casting: Scorch (safe; 1% risk of failure)
Confirm with . or Enter, or press ? or * to list all spells.
Flames lash the chaos spawn.
The chaos spawn is moderately wounded.
The chaos spawn's fire resistance burns away.
* * * LOW HITPOINT WARNING * * *
The chaos spawn gores you.
* * * LOW HITPOINT WARNING * * *
You are engulfed in flames.
You resist.
* * * LOW HITPOINT WARNING * * *
The chaos spawn closely misses you.
You feel much better. The chaos spawn misses you. The chaos spawn gores you.
You feel more agile all of a sudden.
Casting: Scorch (safe; 1% risk of failure)
Confirm with . or Enter, or press ? or * to list all spells.
Flames lash the chaos spawn.
The chaos spawn is burned terribly!
You kill the chaos spawn!
Makhleb accepts your kill.
The chaos spawn degenerates into a cloud of primal chaos!
The chaos spawn closely misses you.
Your Armour skill increases to level 3!
Casting: Scorch (safe; 1% risk of failure)
Confirm with . or Enter, or press ? or * to list all spells.
Flames lash the chaos spawn.
The chaos spawn is burned terribly!
The chaos spawn is heavily wounded.
The chaos spawn gores you!
* * * LOW HITPOINT WARNING * * *
The chaos spawn shocks you.
* * * LOW HITPOINT WARNING * * *
Casting: Scorch (safe; 1% risk of failure)
Confirm with . or Enter, or press ? or * to list all spells.
Flames lash the chaos spawn.
The chaos spawn is burned terribly!
The chaos spawn is heavily wounded.
* * * LOW HITPOINT WARNING * * *
The chaos spawn gores you!
* * * LOW HITPOINT WARNING * * *
The chaos spawn shocks you!
You die...

#....# #....#
#....# #....#
#....# ... #....#
[... #....###.....
#+####............
.........@........
........4.........
⌠....$..######....
......(.# ...
#.......# ..
#.......# .
........#
.........
.........


You could see a chaos spawn (combustible).

Vanquished Creatures
  Gastronok (D:8)
  Prince Ribbit (D:6)
  Grinder (D:4)
  Eustachio (D:6)
  A wyvern (D:9)
  2 chaos spawn (D:9)
  Menkaure (D:7)
  3 steam dragons
  Edmund (D:4)
  Duvessa (D:6)
  2 water moccasins
  3 sky beasts
  4 orc warriors (Bailey)
  3 ogres
  A centaur (D:8)
  Blork the orc (D:4)
  2 bullfrogs
  A kobold brigand (D:6)
  3 scorpions
  6 water moccasin zombies (Ossuary)
  15 wights
  Dowan (D:6)
  A howler monkey (D:6)
  3 orc priests
  3 hounds
  A jelly (D:7)
  Crazy Yiuf (D:7)
  A gnoll shaman (D:6)
  Ijyb (D:5)
  An orc wizard (D:3)
  4 iguanas
  2 mummies (Ossuary)
  5 gnolls
  5 adders
  A shadow imp (D:6)
  A white imp (D:7)
  3 adder zombies (Ossuary)
  A worm (D:5)
  3 dart slugs
  20 orcs
  10 endoplasms
  7 giant cockroaches
  4 gnoll zombies (Ossuary)
  11 hobgoblins
  5 jackals
  3 quokkas
  7 ball pythons
  7 bats
  5 frilled lizards
  14 goblins
  4 hobgoblin zombies (Ossuary)
  21 kobolds
  A kobold zombie (Ossuary)
  7 orc zombies (Ossuary)
  5 rats
223 creatures vanquished.

Vanquished Creatures (others)
  630 foxfires
630 creatures vanquished.

Grand Total: 853 creatures vanquished

Notes
Turn   | Place    | Note
-------+----------+-------------------------------------------
     0 | D:1      | loir the Djinni Fire Elementalist began the quest for the
                  | Orb.
     0 | D:1      | Reached XP level 1. HP: 15/15 MP: 0/0
   147 | D:1      | Reached XP level 2. HP: 18/22 MP: 0/0
   532 | D:1      | Found a faded altar of an unknown god.
   586 | D:1      | Reached skill level 1 in Fighting
   726 | D:1      | Reached XP level 3. HP: 17/27 MP: 0/0
   726 | D:1      | Learned a level 1 spell: Necrotize
   849 | D:1      | Reached skill level 3 in Spellcasting
  1844 | D:2      | Reached XP level 4. HP: 24/32 MP: 0/0
  2175 | D:2      | You are sucked into a shaft and drop 1 floor!
  2175 | D:3      | Found a shadowy altar of Dithmenos.
  3412 | D:3      | Reached XP level 5. HP: 35/38 MP: 0/0
  3412 | D:3      | Learned a level 2 spell: Poisonous Vapours
  3896 | D:4      | Reached skill level 4 in Spellcasting
  3936 | D:4      | Found a sand-covered staircase.
  3943 | D:4      | Reached XP level 6. HP: 41/45 MP: 0/0
  3947 | Ossuary  | Entered an ossuary
  4462 | Ossuary  | Reached XP level 7. HP: 35/50 MP: 0/0
  4462 | Ossuary  | Learned a level 3 spell: Portal Projectile
  4565 | Ossuary  | Reached skill level 5 in Spellcasting
  5422 | D:4      | Noticed Grinder
  5428 | D:4      | Killed Grinder
  5429 | D:4      | Reached XP level 8. HP: 40/58 MP: 0/0
  5561 | D:4      | Noticed Blork the orc
  5569 | D:4      | Killed Blork the orc
  5682 | D:4      | Reached skill level 6 in Spellcasting
  5702 | D:4      | Noticed Edmund
  5716 | D:4      | Killed Edmund
  5717 | D:4      | Reached skill level 5 in Fighting
  6385 | D:5      | Entered Level 5 of the Dungeon
  6636 | D:5      | Found Hialieqoah's Assorted Antiques.
  6656 | D:5      | Bought a scroll of identify for 38 gold pieces
  6656 | D:5      | Bought a scroll of identify for 38 gold pieces
  6786 | D:5      | Reached skill level 7 in Spellcasting
  6786 | D:5      | Reached XP level 9. HP: 56/66 MP: 0/0
  6786 | D:5      | Learned a level 3 spell: Spider Form
  6890 | D:5      | Noticed Ijyb
  6899 | D:5      | Killed Ijyb
  7138 | D:6      | Found a sparkling altar of Nemelex Xobeh.
  7249 | D:6      | Found an opulent altar of Gozag.
  7314 | D:6      | Noticed Duvessa
  7320 | D:6      | Noticed Dowan
  7324 | D:6      | Killed Duvessa
  7338 | D:6      | Killed Dowan
  8058 | D:6      | Found a staircase to the Ecumenical Temple.
  8073 | Temple   | Entered the Ecumenical Temple
  8091 | Temple   | Became a worshipper of Makhleb the Destroyer
  8219 | D:6      | Found a blossoming altar of Fedhas.
  8234 | D:6      | Noticed Eustachio
  8241 | D:6      | Killed Eustachio
  8242 | D:6      | Reached skill level 8 in Spellcasting
  8382 | D:6      | Noticed Prince Ribbit
  8389 | D:6      | Killed Prince Ribbit
  9012 | D:7      | Reached XP level 10. HP: 62/75 MP: 0/0
  9028 | D:7      | Reached skill level 9 in Spellcasting
  9170 | D:7      | Found a runed translucent door.
  9171 | D:7      | Noticed Crazy Yiuf
  9177 | D:7      | Killed Crazy Yiuf
  9275 | D:7      | Found a flagged portal.
  9283 | Bailey   | Entered a bailey
  9338 | Bailey   | Reached * piety under Makhleb
  9351 | Bailey   | Noticed an orc warlord
  9591 | Bailey   | Found a runed translucent gate.
  9594 | Bailey   | Found a runed translucent gate.
  9595 | Bailey   | Found a runed translucent gate.
  9898 | D:7      | Noticed Menkaure
  9901 | D:7      | Killed Menkaure
 10358 | D:8      | Reached skill level 1 in Armour
 10443 | D:8      | Found a hide-covered altar of Uskayaw.
 10613 | D:8      | Noticed Gastronok
 10627 | D:8      | Killed Gastronok
 10628 | D:8      | Reached skill level 10 in Spellcasting
 10628 | D:8      | Reached XP level 11. HP: 47/84 MP: 0/0
 10628 | D:8      | Learned a level 5 spell: Summon Forest
 10787 | D:8      | Identified the ring "Yzikhupt" {rElec rPois Int+3}
 11049 | D:8      | Found a glowing golden altar of the Shining One.
 11198 | D:9      | HP: 4/84 [chaos spawn (10)]
 11198 | D:9      | Slain by a chaos spawn

Illustrated notes

Levels and vault maps discovered:
D:1:      dpeg_arrival_water_fire, layout_loops_ring,
          shapermc_ecumenical_altar_mp_vishouse
D:2:      layout_loops_ring
D:3:      layout_rooms, nicolae_dithmenos_the_darkroom, kennysheep_nondescript,
          st_stairs_3, uniq_jessica
D:4:      layout_loops_corners, nicolae_ossuary_entry_monument, uniq_edmund,
          uniq_grinder, uniq_blork_the_orc
D:5:      layout_cave_pools, serial_shops, nicolae_shop_overgrown_old_shop,
          uniq_ijyb
D:6:      layout_cave_pools, fedhas_altar_1, grunt_gozag_statues,
          general_overflow_altar, minmay_temple_entry_stoned_glass,
          minivault_10, minmay_pentangle, uniq_duvessa, uniq_eustachio,
          uniq_prince_ribbit1
D:7:      layout_cave_pools, enter_bailey_3, uniq_crazy_yiuf_cottage,
          uniq_menkaure
D:8:      layout_basic, mainiacjoe_overflow_catwalk, tso_oasis_becter,
          uniq_gastronok
D:9:      layout_irregular_city, kennysheep_ying_yang,
          mainiacjoe_overflow_alcove_2, ashenzari_altar_1,
          mainiacjoe_overflow_tiny_flanked, minmay_guarded_unrand_variability
Temple:   compressed_dpeg_triangle_lava_temple

Skill      XL: |  1  2  3  4  5  6  7  8  9 10 11 |
---------------+----------------------------------+-----
Fighting       | 1 2 3 4 5 7 9 |  9.5
Spellcasting   | 3 4 5 7 8 10 | 10.2
Armour         | 2 3 |  3.0
Dodging        | |  2.1
Stealth        | |  1.5

Action                   |  1- 3 |  4- 6 |  7- 9 | 10-12 || total
-------------------------+-------+-------+-------+-------++-------
 Cast: Foxfire           |    48 |    79 |   105 |   135 ||   367
       Scorch            |    18 |    42 |   108 |    53 ||   221
       Conjure Flame     |     1 |       |     1 |     1 ||     3
       Poisonous Vapours |       |       |    13 |     3 ||    16
       Necrotize         |       |       |     2 |       ||     2
       Inner Flame       |       |       |     4 |     1 ||     5
  Use: Scroll            |     1 |     7 |     9 |     2 ||    19
       Potion            |       |       |     1 |     2 ||     3
Armor: Robe              |     3 |     3 |    14 |     4 ||    24
Dodge: Dodged            |     7 |    11 |    24 |    16 ||    58
Block: Buckler           |       |       |       |     2 ||     2

Table legend: (Time is in decaauts)
 A = Elapsed time spent in this place.
 B = Non-inter-level travel time spent in this place.
 C = Inter-level travel time spent in this place.
 D = Time resting spent in this place.
 E = Time spent auto-exploring this place.
 F = Levels seen in this place.
 G = Mean time per level.
                   A        B        C        D        E       F      G
               +--------+--------+--------+--------+--------+-----+--------+
         Total |  11191 |  10785 |    406 |   1708 |   7644 |  12 |  932.6 |
       Dungeon |   9458 |   9076 |    382 |   1195 |   6687 |   9 | 1050.9 |
        Temple |     36 |     12 |     24 |      0 |      8 |   1 |   36.0 |
       Ossuary |   1130 |   1130 |      0 |    319 |    707 |   1 | 1130.0 |
        Bailey |    565 |    565 |      0 |    194 |    242 |   1 |  565.0 |
               +--------+--------+--------+--------+--------+-----+--------+

Top non-repeatable levels by time:
     D:1: 1836 daAuts
     D:6: 1643 daAuts
     D:4: 1364 daAuts
 Ossuary: 1130 daAuts
     D:3: 1085 daAuts
     D:2: 966 daAuts
     D:8: 941 daAuts
     D:7: 759 daAuts
     D:5: 744 daAuts
  Bailey: 565 daAuts
     D:9: 116 daAuts
  Temple: 36 daAuts
